 Dungeon Crawl Stone Soup version 0.29.1-2-gbd0b4ee654 (webtiles) character file.

Game seed: 987541142181879589

306 qeuew the Trooper (level 6, -1/56 HPs)
             Began as a Minotaur Berserker on Nov 14, 2022.
             Was a Follower of Okawaru.
             Slain by a scorpion (3 damage)
             ... on level 6 of the Dungeon.
             The game lasted 00:02:22 (2571 turns).

qeuew the Trooper (Minotaur Berserker)              Turns: 2571, Time: 00:02:22

Health: -1/56      AC:  3    Str: 22    XL:     6   Next: 16%
Magic:  5/5        EV: 13    Int:  4    God:    Okawaru [*.....]
Gold:   67         SH:  0    Dex: 11    Spells: 5/5 levels left

rFire   . . .      SeeInvis .   d - +0 war axe
rCold   . . .      Faith    .   (no shield)
rNeg    . . .      Spirit   .   b - +1 animal skin
rPois   .          Reflect  .   (helmet restricted)
rElec   .          Harm     .   (no cloak)
rCorr   .          Rampage  .   (no gloves)
Will    .....                   (no boots)
Stlth   +.........              (no amulet)
HPRegen 0.18/turn               a - ring of flight
MPRegen 0.09/turn               (no ring)

@: confused, marked, flying
A: horns 2, retaliatory headbutt
a: Renounce Religion, Heroism


You were on level 6 of the Dungeon.
You worshipped Okawaru.
Okawaru was aware of your devotion.
You visited 1 branch of the dungeon, and saw 6 of its levels.

You collected 67 gold pieces.

Inventory:

Hand Weapons
 d - a +0 war axe (weapon)
Armour
 b - a +1 animal skin (worn)
Jewellery
 a - a ring of flight (left hand)
 f - a ring of willpower
Scrolls
 e - a scroll of blinking {unknown}
Potions
 c - a potion of flight


   Skills:
 + Level 5.2 Fighting
 + Level 5.2 Axes
 + Level 4.4 Armour
 + Level 4.0 Dodging


You had 5 spell levels left.
You didn't know any spells.
Your spell library was empty.

Dungeon Overview and Level Annotations

Branches:
Dungeon (6/15)
 Temple: D:4-7

Altars:
Okawaru


Innate Abilities, Weirdness & Mutations

You have a pair of horns on your head.
You reflexively headbutt those who attack you in melee.


Message History

Something hits you but does no damage.
The orc throws a boomerang.
The boomerang closely misses you. Something hits you.
A scorpion comes into view.
You hit something. x2; Something hits you.
Something barely misses you. Something hits you but does no damage.
Something hits you.
The orc complains loudly, as Orcs often do.
The orc barely misses you.
You completely miss something. You completely miss the orc. You hit something.
Something hits you.
You hear some strange, mumbled words.
You are confused.
The orc hits you with a +0 short sword.
* * * LOW HITPOINT WARNING * * *
You're too confused to move!
You hear some strange, mumbled words.
You are more confused.
The iguana bites you!
* * * LOW HITPOINT WARNING * * *
Something hits you.
* * * LOW HITPOINT WARNING * * *
The orc barely misses you.
You miss something. You closely miss something. You slash the iguana!
You barely miss the orc. Something hits you.
* * * LOW HITPOINT WARNING * * *
A gnoll comes into view. It is wielding a +0 club.
The iguana barely misses you. Something completely misses you.
The orc hits you with a +0 short sword.
* * * LOW HITPOINT WARNING * * *
Okay, then.
You barely miss the iguana. Your headbutt misses the iguana.
The iguana is heavily wounded.
You barely miss something. You miss something. You hit the orc.
You kill the orc!
Okawaru accepts your kill. Something hits you but does no damage.
Something hits you.
* * * LOW HITPOINT WARNING * * *
The iguana barely misses you.
You barely miss something. You closely miss something. You hit the iguana.
You miss the scorpion. The scorpion stings you.
You die...

............. .#
######....
##.####..)).###
####........)###
#....#####.#.#
####+##=...#.....#.#
...........#.#####.#
........l†.'.......#
.......@{.|#.####...
........s..#... ...
........##.###......
........##... .....
........#####......
..!.....# .....
........# ..##
####..###


You could see a scorpion and an iguana.

Vanquished Creatures
  A phantom (D:6)
  A kobold brigand (D:6)
  A howler monkey (D:6)
  An orc priest (D:6)
  An iguana (D:5)
  2 adders
  A worm (D:2)
  8 orcs
  4 ball pythons
  2 endoplasms (D:1)
  A giant cockroach (D:1)
  6 goblins
  3 hobgoblins (D:1)
  5 kobolds
  A quokka (D:1)
  3 bats (D:1)
  A rat (D:1)
42 creatures vanquished.

Notes
Turn   | Place    | Note
-------+----------+-------------------------------------------
     0 | D:1      | qeuew the Minotaur Berserker began the quest for the Orb.
     0 | D:1      | Reached XP level 1. HP: 19/19 MP: 0/0
   278 | D:1      | Reached XP level 2. HP: 24/27 MP: 1/1
   453 | D:1      | Found a faded altar of an unknown god.
  1360 | D:2      | Reached XP level 3. HP: 27/33 MP: 2/2
  1727 | D:3      | Reached ** piety under Trog
  1752 | D:4      | Found an iron altar of Okawaru.
  1767 | D:4      | Fell from the grace of Trog
  1767 | D:4      | Became a worshipper of Warmaster Okawaru
  1976 | D:5      | Entered Level 5 of the Dungeon
  2016 | D:5      | Reached XP level 4. HP: 30/41 MP: 3/3
  2118 | D:6      | Noticed a kobold brigand
  2130 | D:6      | Killed a kobold brigand
  2131 | D:6      | Reached XP level 5. HP: 7/47 MP: 4/4
  2418 | D:6      | Noticed a phantom
  2426 | D:6      | Killed a phantom
  2426 | D:6      | Reached * piety under Okawaru
  2427 | D:6      | Reached skill level 5 in Fighting
  2427 | D:6      | Reached skill level 5 in Axes
  2427 | D:6      | Reached XP level 6. HP: 37/56 MP: 5/5
  2569 | D:6      | HP: 2/56 [orc/+0 short sword (2)]
  2571 | D:6      | Slain by a scorpion

Illustrated notes

Levels and vault maps discovered:
D:1:      sevenhm_arrival_forest_fort_large_4, layout_basic,
          dreamdust_ecumenical_altar_statues
D:2:      layout_basic, serial_glass, glass_columns_a, glass_columns_a,
          dk_noncrumbling_3, uniq_sigmund
D:3:      layout_rooms, nicolae_overflow_hidden_temple
D:4:      cheibrodos_barr_body, layout_basic, mainiacjoe_overflow_alcove_4,
          minmay_temple_entry_waves, uniq_duvessa, uniq_robin, uniq_grinder
D:5:      nicolae_cairo_tiling_large, layout_loops_cross,
          mainiacjoe_overflow_catwalk, mainiacjoe_overflow_chevrons,
          cheibrodos_sewer_entry_bend, gammafunk_ghost_gnarly_gnolls, uniq_ijyb
D:6:      layout_basic

Skill      XL: |  1  2  3  4  5  6 |
---------------+-------------------+-----
Fighting       | 4 5 |  5.2
Axes           | 4 5 |  5.2
Armour         | 3 4 |  4.4
Dodging        | 3 4 |  4.0

Action                   |  1- 3 |  4- 6 || total
-------------------------+-------+-------++-------
Melee: Hand axe          |    60 |       ||    60
       Headbutt          |     7 |     4 ||    11
       Punch             |     1 |       ||     1
       War axe           |     5 |    32 ||    37
  Use: Scroll            |     5 |       ||     5
Armor: Animal skin       |    12 |    13 ||    25
Dodge: Dodged            |    52 |    20 ||    72
